 Dungeon Crawl Stone Soup version 0.31.0-11-ge490571c62 (webtiles) character file.

Game seed: 14125958432118108747

60514 ssalbiz the Nimble (level 14, -13/80 (88) HPs)
             Began as a Deep Elf Conjurer on Jan 27, 2024.
             Was a High Priest of Vehumet.
             Killed from afar by Nergalle (24 damage)
             ... with a bolt of negative energy
             ... on level 2 of the Orcish Mines.
             The game lasted 00:57:36 (25064 turns).

ssalbiz the Nimble (Deep Elf Conjurer)             Turns: 25064, Time: 00:57:36

HP:   -13/80 (88)   AC: 11    Str:  4    XL:     14   Next: 57%
MP:   25/41         EV: 18    Int: 29    God:    Vehumet [*****.]
Gold: 1658          SH:  0    Dex: 13    Spells: 12/37 levels left

rFire   . . .        (no weapon)
rCold   . . .        (no shield)
rNeg    . . .        B - +2 robe {Will+}
rPois   .            f - +2 helmet
rElec   .            L - +0 cloak
rCorr   .            G - +0 pair of gloves
SInv    .            (no boots)
Will    ++...        (no amulet)
Stlth   ++           d - ring of magical power
HPRegen 0.33/turn    l - ring of the Mage {Wiz Archmagi}
MPRegen 0.27/turn

%: wizardry (x1), archmagi
@: drained
A: no striking features
a: Renounce Religion


You were on level 2 of the Orcish Mines.
You worshipped Vehumet.
Vehumet was extremely pleased with you.
You visited 4 branches of the dungeon, and saw 21 of its levels.
You visited 1 bazaar.

You collected 2326 gold pieces.
You spent 668 gold pieces at shops.

Inventory:

Hand Weapons
 a - a +2 dagger of venom
Missiles
 S - a throwing net
Armour
 f - a +2 helmet (worn)
 u - +0 steam dragon scales
 B - a +2 robe of willpower (worn)
 G - a +0 pair of gloves (worn)
 L - a +0 cloak (worn)
Jewellery
 d - a ring of magical power (left hand)
 l - the ring of the Mage (right hand) {Wiz Archmagi}
   (You found it on level 2 of the Dungeon)

   [ring of wizardry]

   Wiz:       It improves your spell success rate.
   Archmagi:  It increases the power of your magical spells.
 K - a ring of protection from fire
 M - a ring of magical power
 T - a ring of poison resistance
 V - the ring of Anewnuedgh {Will+ Stlth+}
   (You found it on level 5 of the Lair of Beasts)

   [ring of willpower]

   Will+:     It increases your willpower.
   Stlth+:    It makes you more stealthy.
Wands
 j - a wand of flame (10)
 p - a wand of iceblast (1)
 q - a wand of charming (20)
 v - a wand of acid (36)
 A - a wand of mindburst (19)
Scrolls
 b - 2 scrolls of fear {unknown}
 e - 11 scrolls of teleportation {unknown}
 h - 4 scrolls of amnesia {unknown}
 i - 3 scrolls of immolation {unknown}
 k - 3 scrolls of vulnerability {unknown}
 m - a scroll of enchant weapon {unknown}
 t - 3 scrolls of revelation {unknown}
 x - a scroll of blinking {unknown}
 y - a scroll of poison {unknown}
 z - 2 scrolls of brand weapon {unknown}
 E - a scroll of fog {unknown}
 F - 2 scrolls of summoning {unknown}
 I - 2 scrolls of enchant armour {unknown}
 J - 2 scrolls of noise {unknown}
 R - 2 scrolls of identify
 U - a scroll of silence {unknown}
Potions
 c - a potion of attraction
 g - 5 potions of heal wounds
 n - 3 potions of lignification
 o - 5 potions of invisibility
 r - 4 potions of haste
 s - 4 potions of might
 w - 6 potions of curing
 C - 9 potions of ambrosia
 D - 4 potions of cancellation
 H - 2 potions of resistance
 N - a potion of enlightenment
 O - a potion of brilliance
 P - a potion of experience {unknown}
 Q - a potion of magic


   Skills:
 + Level 10.2 Fighting
 + Level 10.2 Armour
 + Level 14.4 Dodging
 - Level 2.4 Stealth
 - Level 12.0 Spellcasting
 - Level 12.0 Conjurations
 - Level 1.7 Necromancy
 - Level 1.0 Translocations
 + Level 9.1 Fire Magic
 - Level 2.0 Earth Magic


You had 12 spell levels left.
You knew the following spells:

 Your Spells              Type           Power      Damage    Failure   Level
a - Magic Dart            Conj           100%       1d8       0%          1
b - Searing Ray           Conj           100%       2d8       0%          2
c - Stone Arrow           Conj/Erth      100%       3d13      1%          3
d - Iskenderun's Mystic   Conj/Tloc      70%        2d14      1%          4
e - Borgnjor's Vile Clut  Necr/Erth      21%        N/A       16%         5
f - Fireball              Conj/Fire      43%        3d17      1%          5
g - Iskenderun's Battles  Conj           92%        2d14      1%          5

Your spell library contained the following spells:

 Spells                   Type           Power      Damage    Failure   Level
 Lee's Rapid Deconstruct  Erth           21%        3d12*     4%          5
 Apportation              Tloc           68%        N/A       1%          1
 Necrotise                Necr           100%       1d9       1%          1
 Sting                    Conj/Alch      100%       1d9       1%          1
 Summon Small Mammal      Summ           100%       N/A       1%          1
 Vampiric Draining        Necr           41%        2d8       1%          3
 Fulminant Prism          Conj/Alch      34%        3d16      1%          4
 Tukima's Dance           Hex            26%        N/A       3%          3
 Bombard                  Conj/Erth      36%        9d6       3%          6
 Conjure Ball Lightning   Conj/Air       34%        3x3d11    4%          6
 Animate Armour           Summ/Erth      70%        N/A       9%          4
 Martyr's Knell           Necr/Summ      33%        N/A       9%          4
 Passage of Golubria      Tloc           34%        N/A       9%          4
 Yara's Violent Unravell  Hex/Alch       13%        3d7       9%          5
 Curse of Agony           Necr           41%        N/A       16%         5
 Spellforged Servitor     Conj/Summ      34%        N/A       21%         7
 Alistair's Intoxication  Alch           17%        N/A       32%         5
 Silence                  Hex/Air        13%        N/A       32%         5
 Eringya's Noxious Bog    Alch           13%        4d6       38%         6
 Lehudib's Crystal Spear  Conj/Erth      36%        10d9      63%         8
 Discord                  Hex            13%        N/A       100%        8
 Disjunction              Tloc           17%        N/A       100%        8


Dungeon Overview and Level Annotations

Branches:
Dungeon (13/15)            Temple (1/1) D:4            Lair (5/5) D:9
 Shoals (0/4) Lair:3        Snake (0/4) Lair:3        Slime (0/5) Lair:4
    Orc (2/2) D:12            Elf (0/3) Orc:2
 Vaults: D:13-14

Altars:
Ashenzari
Cheibriados
Dithmenos
Elyvilon
Fedhas
Gozag
Hepliaklqana
Kikubaaqudgha
Makhleb
Nemelex Xobeh
Okawaru
Qazlal
Ru
Sif Muna
Trog
Uskayaw
Vehumet
Wu Jian
Xom
Yredelemnul
Zin
The Shining One
Jiyva

Shops:
D:1 [*?   D:3 ?   D:8 ![:*   Orc:1 *   Orc:2 =

Annotations:
D:2 Sigmund
D:3 3 runed translucent doors, TheBioAlchemist's ghost, amateur GrEE
D:5 Duvessa
D:7 1 runed translucent door, exclusion: door, Crazy Yiuf
D:9 3 runed translucent doors, exclusion: 3 doors, Laqueoixx's ghost, novice OpSh
Orc:2 Nergalle


Message History

The mystic blast hits the spectral orc knight but does no damage.
The mystic blast hits the spectral orc warrior but does no damage.
The spectral orc warrior is lightly damaged.
The mystic blast hits the spectral orc warrior but does no damage.
The spectral orc warrior closely misses you.
The spectral orc knight hits you with a +0 great mace!
* * * LOW HITPOINT WARNING * * *
Casting: Iskenderun's Mystic Blast (safe; 1% risk of failure)
Confirm with . or Enter, or press ? or * to list all spells.
Aiming: Searing Ray (safe; 0% risk of failure)
Press: ? - help, Shift-Dir - straight line, f - Nergalle
Aim: Nergalle, wielding a +0 dagger and wearing a +2 robe of positive energy (severely wounded, 81% to hit)
Okay, then.
Unknown command.
Casting: Searing Ray (safe; 0% risk of failure)
Confirm with . or Enter, or press ? or * to list all spells.
Aiming: Fireball (safe; 1% risk of failure)
Press: ? - help, Shift-Dir - straight line, f - Nergalle
Aim: Nergalle, wielding a +0 dagger and wearing a +2 robe of positive energy (severely wounded)
Okay, then.
Unknown command.
Casting: Fireball (safe; 1% risk of failure)
Confirm with . or Enter, or press ? or * to list all spells.
Okay, then.
Casting: Fireball (safe; 1% risk of failure)
Confirm with . or Enter, or press ? or * to list all spells.
Aiming: Borgnjor's Vile Clutch (dangerous; 16% risk of failure)
Press: ? - help, Shift-Dir - straight line, f - Nergalle
Aim: Nergalle, wielding a +0 dagger and wearing a +2 robe of positive energy (severely wounded, 100% to hit)
You feel a surge of power!
The spectral orc knight is unaffected.
Zombie hands grab Nergalle.
The zombie hands constrict Nergalle, but do no damage.
The spectral orc knight hits you with a +0 war axe!
* * * LOW HITPOINT WARNING * * *
The spectral orc warrior barely misses you.
Nergalle casts a spell at you.
The bolt of negative energy hits the spectral orc knight.
The spectral orc knight completely resists.
The bolt of negative energy hits you!!
You feel drained.
You die...

8§≈ ##### ... ##§≈≈##
.... ##...≈≈## .....
##..8###§##
##''o###.)..._#≈§#
....))....)...#§§#
§.§§).ZZ§.)...8.§#
§≈§§≈≈≈@Z.).)...##
§#####≈ZZ......###
#.§Z###)#'#≈#
.))§.≈##..))§≈#
.).§§§##..8..§#
8..8.§##≈....§##
##############≈...≈≈≈#
≈≈≈≈≈≈≈≈≈≈≈≈≈≈≈.)§§§≈#
.)...^...........≈§§≈#


You could see Nergalle (clutched), 3 spectral orc warriors and 3 spectral orc
knights.

Vanquished Creatures
  A dire elephant (Lair:5)
  Nessos (D:12)
  5 hydras
  A merfolk avatar (Lair:5)
  An ogre mage (Orc:2)
  Erolcha (Orc:2)
  A centaur warrior (D:13)
  A two-headed ogre (D:12)
  A boulder beetle (Lair:1)
  A skyshark (Lair:5)
  2 harpies (Lair:5)
  6 orc sorcerers (Orc:2)
  3 cyclopes
  28 elephants
  A manticore (Lair:5)
  3 meliai (Lair:5)
  5 black mambas
  13 cane toads
  An eye of devastation (Lair:4)
  A gargoyle (D:12)
  12 komodo dragons
  4 rime drakes
  Psyche (D:8)
  4 trolls
  4 polar bears
  A queen bee (Lair:5)
  3 wind drakes (Lair:5)
  2 hornets
  Prince Ribbit (D:5)
  19 blink frogs
  A glass eye (Lair:4)
  A snapping turtle (Lair:5)
  5 slime creatures
  2 wraiths
  A spriggan (Lair:2)
  4 shadows
  A vampire (D:11)
  23 yaks
  5 wyverns
  3 basilisks
  2 wargs
  11 vampire mosquitoes
  4 steam dragons
  2 acid dragons
  28 water moccasins
  A water moccasin (shapeshifter) (D:12)
  7 orc warriors
  3 ice beasts (D:9)
  2 black bears
  8 ogres (Orc:2)
  3 centaurs
  13 wolves
  A kobold brigand (D:8)
  10 bullfrogs
  2 scorpions (D:6)
  A gnoll sergeant (D:6)
  11 wights
  Dowan (D:5)
  22 killer bees (Lair:5)
  An electric eel (D:12)
  A howler monkey (D:8)
  2 jellies
  6 orc priests
  6 hounds
  A gnoll bouda (D:8)
  3 sleepcaps
  6 iguanas
  34 orc wizards
  13 gnolls
  8 adders
  A shadow imp (D:8)
  3 white imps
  3 ufetubi
  4 dart slugs
  5 ribbon worms
  51 orcs
  4 endoplasms
  A giant cockroach (D:2)
  9 goblins
  6 hobgoblins
  6 quokkas
  3 ball pythons
  2 bats
  2 frilled lizards (D:1)
  10 kobolds
  5 rats
502 creatures vanquished.

Vanquished Creatures (others)
  Maurice (D:9)
1 creature vanquished.

Grand Total: 503 creatures vanquished

Notes
Turn   | Place    | Note
-------+----------+-------------------------------------------
     0 | D:1      | ssalbiz the Deep Elf Conjurer began the quest for the Orb.
     0 | D:1      | Reached XP level 1. HP: 10/10 MP: 6/6
   117 | D:1      | Found Hugih Seugi's Magic Scroll Shop.
   238 | D:1      | Found Hemm's Assorted Antiques.
   329 | D:1      | Found a faded altar of an unknown god.
   384 | D:1      | Reached XP level 2. HP: 15/15 MP: 4/8
   502 | D:1      | You fall into a shaft and drop 1 floor!
   505 | D:2      | Identified the +1 leather armour of Good Intentions {rElec
                  | Str+4 Dex+2}
   642 | D:2      | Learned a level 2 spell: Searing Ray
   672 | D:2      | Reached skill level 5 in Conjurations
   672 | D:2      | Reached XP level 3. HP: 19/19 MP: 10/10
  1085 | D:2      | Found the ring of the Mage {Wiz Archmagi}
  1171 | D:2      | Noticed Sigmund
  1724 | D:1      | Found Jum Noy's Armour Shoppe.
  2084 | D:3      | Found a sparkling altar of Nemelex Xobeh.
  2324 | D:3      | Reached XP level 4. HP: 24/24 MP: 12/12
  2370 | D:3      | Reached skill level 5 in Spellcasting
  2487 | D:3      | Found Deboc's Magic Scroll Boutique.
  2499 | D:3      | Bought a scroll of identify for 22 gold pieces
  2740 | D:3      | Found a runed translucent gate.
  2745 | D:3      | Found a runed translucent gate.
  2745 | D:3      | Found a runed translucent gate.
  2745 | D:3      | Noticed TheBioAlchemist's ghost (amateur GrEE)
  2810 | D:3      | Learned a level 3 spell: Stone Arrow
  2815 | D:3      | Learned a level 4 spell: Iskenderun's Mystic Blast
  3076 | D:4      | Reached XP level 5. HP: 26/28 MP: 15/15
  3141 | D:4      | Found an ancient bone altar of Kikubaaqudgha.
  3765 | D:4      | Reached XP level 6. HP: 32/32 MP: 16/17
  3840 | D:4      | Found a staircase to the Ecumenical Temple.
  3863 | Temple   | Entered the Ecumenical Temple
  3869 | Temple   | Became a worshipper of Vehumet
  4145 | D:5      | Entered Level 5 of the Dungeon
  4224 | D:5      | Noticed a steam dragon
  4229 | D:5      | Killed a steam dragon
  4309 | D:5      | Noticed Prince Ribbit
  4312 | D:5      | Killed Prince Ribbit
  4313 | D:5      | Reached XP level 7. HP: 36/36 MP: 19/20
  4711 | D:5      | Noticed Dowan
  4713 | D:5      | Noticed Duvessa
  4727 | D:5      | Killed Dowan
  5307 | D:6      | Reached XP level 8. HP: 41/41 MP: 23/23
  5403 | D:6      | Reached * piety under Vehumet
  5403 | D:6      | Offered knowledge of Sandblast by Vehumet.
  5760 | D:6      | Reached skill level 10 in Spellcasting
  6149 | D:6      | Found a hazy altar of Hepliaklqana.
  6788 | D:7      | Reached skill level 10 in Conjurations
  6833 | D:7      | Reached XP level 9. HP: 45/45 MP: 26/26
  7112 | D:7      | Found a runed translucent door.
  7113 | D:7      | Noticed Crazy Yiuf
  7576 | D:7      | Noticed a troll
  7580 | D:7      | Killed a troll
  7904 | D:8      | Found Zigioj's General Store.
  7917 | D:8      | Identified the +1 chain mail "Ikavuoc" {rElec}
  8069 | D:8      | Offered knowledge of Freeze by Vehumet.
  8081 | D:8      | Reached ** piety under Vehumet
  8182 | D:8      | Reached skill level 3 in Dodging
  8182 | D:8      | Reached skill level 1 in Translocations
  8182 | D:8      | Reached skill level 1 in Earth Magic
  8240 | D:8      | Reached skill level 1 in Fighting
  8240 | D:8      | Reached skill level 1 in Armour
  8535 | D:8      | Noticed Psyche
  8540 | D:8      | Killed Psyche
  8541 | D:8      | Reached skill level 4 in Dodging
  8704 | D:8      | Found Fyeras's Book Emporium.
  8771 | D:8      | Found Cigin's Antique Armour Shoppe.
  8786 | D:8      | Found Rauf's Distillery.
  9375 | D:9      | Offered knowledge of Static Discharge by Vehumet.
  9380 | D:9      | Reached XP level 10. HP: 47/54 MP: 19/28
  9697 | D:9      | Found a staircase to the Lair.
  9761 | D:9      | Reached skill level 5 in Dodging
 10133 | D:9      | Noticed Maurice
 10140 | D:9      | Something stole a ring of protection from fire
 10141 | D:9      | Something stole a +2 dagger of venom
 10143 | D:9      | Killed Maurice
 10499 | D:9      | Noticed Laqueoixx's ghost (novice OpSh)
 10500 | D:9      | Found a runed translucent gate.
 10501 | D:9      | Found a runed translucent gate.
 10501 | D:9      | Found a runed translucent gate.
 10694 | D:10     | Entered Level 10 of the Dungeon
 10726 | D:10     | Reached skill level 6 in Dodging
 10882 | D:10     | Reached *** piety under Vehumet
 10934 | D:10     | Identified the +0 chain mail "Extats" {Fly rElec Dex+4
                  | Slay+2}
 10959 | D:10     | Found the +1 robe of Vines {NoPotionHeal Regen++++}
 11001 | D:10     | Found a glowing golden altar of the Shining One.
 11376 | D:11     | Noticed a cyclops
 11379 | D:11     | Killed a cyclops
 11779 | D:11     | Reached skill level 7 in Dodging
 12079 | D:12     | Reached XP level 11. HP: 26/62 MP: 10/29
 12081 | D:12     | Offered knowledge of Mephitic Cloud by Vehumet.
 12142 | D:12     | Noticed a two-headed ogre
 12147 | D:12     | Killed a two-headed ogre
 12148 | D:12     | Reached skill level 5 in Fighting
 12148 | D:12     | Reached skill level 5 in Armour
 12255 | D:12     | Noticed Nessos
 12262 | D:12     | Killed Nessos
 12263 | D:12     | Reached skill level 8 in Dodging
 12285 | D:12     | Found a flickering gateway to a bazaar.
 12296 | Bazaar   | Entered a bazaar
 12337 | Bazaar   | Found Xadel's Assorted Antiques.
 12444 | Bazaar   | Found Usetteku's Book Boutique.
 12444 | Bazaar   | Found Syashrum's Weapon Shop.
 12478 | Bazaar   | Found Lomemee's Distillery.
 12512 | Bazaar   | Bought Great Wizards, Vol. II for 646 gold pieces
 12561 | Bazaar   | Learned a level 5 spell: Borgnjor's Vile Clutch
 12604 | D:12     | Found a staircase to the Orcish Mines.
 13507 | D:13     | Reached skill level 9 in Dodging
 13606 | D:13     | Noticed a centaur warrior
 13612 | D:13     | Noticed a tengu warrior
 13614 | D:13     | Killed a centaur warrior
 13900 | Lair:1   | Entered Level 1 of the Lair of Beasts
 14226 | Lair:1   | Reached skill level 10 in Dodging
 14408 | Lair:1   | Reached **** piety under Vehumet
 14409 | Lair:1   | Reached XP level 12. HP: 68/71 MP: 25/30
 14787 | Lair:1   | Noticed a boulder beetle
 14805 | Lair:1   | Killed a boulder beetle
 15304 | Lair:2   | Offered knowledge of Fireball by Vehumet.
 15311 | Lair:2   | Learned a level 5 spell: Fireball
 15364 | Lair:2   | Reached skill level 1 in Necromancy
 15606 | Lair:2   | Reached skill level 11 in Dodging
 15606 | Lair:2   | Reached skill level 1 in Fire Magic
 17198 | Lair:3   | Found a staircase to the Shoals.
 17254 | Lair:3   | Identified the +0 chain mail of Uskayaw's Supremacy {rPois
                  | MP+9}
 17320 | Lair:3   | Noticed a five-headed hydra
 17763 | Lair:3   | Reached skill level 12 in Dodging
 17763 | Lair:3   | Reached XP level 13. HP: 74/78 MP: 28/31
 17781 | Lair:3   | Identified the +1 scale mail "Vowagoy" {rN+ Dex+4}
 18161 | Lair:3   | Found a staircase to the Snake Pit.
 18169 | Lair:3   | Reached skill level 5 in Fire Magic
 18181 | Lair:3   | Reached ***** piety under Vehumet
 18452 | Lair:3   | Offered knowledge of Freezing Cloud by Vehumet.
 19363 | Lair:4   | Found a viscous altar of Jiyva.
 19364 | Lair:4   | Found a staircase to the Slime Pits.
 19462 | Lair:4   | Learned a level 5 spell: Iskenderun's Battlesphere
 19871 | Lair:4   | Reached skill level 13 in Dodging
 20576 | Lair:5   | Entered Level 5 of the Lair of Beasts
 21025 | Lair:5   | Noticed a dire elephant
 21035 | Lair:5   | Reached XP level 14. HP: 73/86 MP: 25/32
 21890 | Lair:5   | Offered knowledge of Ozocubu's Refrigeration by Vehumet.
 22379 | Lair:5   | Reached skill level 14 in Dodging
 22821 | Lair:5   | Reached skill level 10 in Fighting
 22981 | Lair:5   | Identified the +1 leather armour of Vaethep {*Slow Regen+
                  | Str+3}
 22984 | Lair:5   | Identified the ring of Anewnuedgh {Will+ Stlth+}
 23338 | Orc:1    | Entered Level 1 of the Orcish Mines
 23463 | Orc:1    | Found Sasacyd's Assorted Antiques.
 23695 | Orc:2    | Entered Level 2 of the Orcish Mines
 23964 | Orc:2    | Reached skill level 10 in Armour
 24166 | Orc:2    | Found a staircase to the Elven Halls.
 24703 | Orc:2    | Found Rouxtegh's Jewellery Boutique.
 24738 | Orc:2    | Found a radiant altar of Vehumet.
 24742 | Orc:2    | Noticed Erolcha
 24745 | Orc:2    | Killed Erolcha
 24753 | Orc:2    | Offered knowledge of Lee's Rapid Deconstruction by Vehumet.
 25047 | Orc:2    | Noticed Nergalle
 25064 | Orc:2    | Killed from afar by Nergalle

Illustrated notes

Levels and vault maps discovered:
D:1:      dpeg_arrival_three_bigger_balls, layout_loops_ring, serial_shops,
          nicolae_shop_hallway_stairs, nicolae_shop_advertising_works
          [nicolae_subvault_shop_adworks], shop_coins, serial_forest,
          infiniplex_forest_clump_large, infiniplex_forest_corner_2,
          infiniplex_forest_side_room, infiniplex_forest_lined_room_2,
          infiniplex_forest_straight_5, shapermc_ecumenical_altar_starsandcircs
D:2:      layout_loops_cross, minmay_quadrilaterals, uniq_sigmund
D:3:      layout_loops_ring, mainiacjoe_overflow_chevrons,
          gammafunk_ghost_necromancy, serial_shops, nicolae_shop_rolling_square
D:4:      layout_loops_corners, mainiacjoe_overflow_24_doors,
          minmay_temple_entry_stoned_glass
D:5:      layout_basic, uniq_prince_ribbit1, uniq_duvessa
D:6:      layout_loops_ring, worldfamousw_hep_ancestral_shrine
D:7:      kennysheep_big_flooded_room, layout_loops_corners,
          nicolae_underground_beach, uniq_crazy_yiuf_cottage
D:8:      layout_basic, serial_corexii_hall, chequers_hall_statues_corner_a,
          chequers_hall_statues_corner_a, serial_shops,
          nicolae_shop_competitors_out_of_business, nicolae_shop_trees,
          nicolae_shop_peninsula, nicolae_shop_tiny_waterfront,
          minmay_fractal_squares_5, uniq_psyche
D:9:      layout_loops_ring, hellmonk_lair_entry_icy,
          gammafunk_ghost_nasty_kobolds, uniq_maurice
D:10:     layout_rooms, tso_oasis_becter, dk_noncrumbling_4
D:11:     layout_loops_ring, minmay_fountain_box
D:12:     layout_roguey, orc_0_dummy, serial_shops, bzr_entry_islet,
          water_boxes_lemuel, uniq_nessos
D:13:     layout_rooms, hellmonk_vaults_order_and_chaos, chequers_arboretum,
          chequers_serial_rivers_micro_a
Temple:   eino_narrow_crystal_temple
Lair:1:   layout_chaotic_city
Lair:2:   layout_regular_city, grunt_forest_stairs_clearing
Lair:3:   layout_misc_corridors, shoals_dummy_entry,
          minmay_snake_entry_six_corridors, grunt_megastairs_5
Lair:4:   layout_cave_pods, minmay_slime_entry_eyes, grunt_megastairs_2
Lair:5:   gammafunk_lair_ancient_temple, layout_cave_pods, special_room
          [special_room_bee], lemuel_fruit_tree
Orc:1:    layout_diamond_mine, basic_altar, serial_shops, nicolae_square_shop
Orc:2:    kennysheep_orc_mage_school, layout_diamond_mine, basic_altar

Skill      XL: |  1  2  3  4  5  6  7  8  9 10 11 12 13 14 |
---------------+-------------------------------------------+-----
Spellcasting   | 4 5 6 7 9 11 12 | 12.0
Conjurations   | 5 6 7 8 10 11 12 | 12.0
Dodging        | 4 7 10 12 13 14 | 14.4
Translocations | 1 |  1.0
Earth Magic    | 1 2 |  2.0
Fighting       | 2 4 6 8 9 10 | 10.2
Armour         | 2 4 6 8 9 10 | 10.2
Necromancy     | 1 |  1.7
Fire Magic     | 4 7 9 |  9.1
Stealth        | |  2.4

Action                     |  1- 3 |  4- 6 |  7- 9 | 10-12 | 13-15 || total
---------------------------+-------+-------+-------+-------+-------++-------
  Melee: Dagger            |     2 |       |     2 |       |       ||     4
   Cast: Magic Dart        |    63 |    34 |    60 |    17 |    23 ||   197
         Searing Ray       |     7 |    20 |    15 |     7 |     2 ||    51
         Stone Arrow       |       |     5 |   121 |   291 |   118 ||   535
         Fireball          |       |       |       |    31 |   190 ||   221
         Iskenderun's Myst |       |       |       |     3 |    24 ||    27
         Iskenderun's Batt |       |       |       |       |     4 ||     4
         Borgnjor's Vile C |       |       |       |       |     1 ||     1
  Evoke: Wand              |       |       |       |       |    11 ||    11
    Use: Scroll            |       |     5 |     2 |     6 |       ||    13
         Potion            |       |       |     1 |     4 |     1 ||     6
 Armour: Robe              |     3 |    10 |    22 |   109 |    64 ||   208
         Steam dragon scal |       |       |    19 |       |       ||    19
  Dodge: Dodged            |     2 |    13 |    27 |    91 |    74 ||   207
